 Dungeon Crawl Stone Soup version 0.29.1-2-gbd0b4ee654 (webtiles) character file.

Game seed: 7152443630391110918

49 DildoBatman the Conjurer (level 4, -8/30 HPs)
             Began as a Formicid Conjurer on Nov 15, 2022.
             Killed by divine providence
             ... invoked by an orc priest
              (17 damage)
             ... on level 2 of the Dungeon.
             The game lasted 00:02:07 (1071 turns).

DildoBatman the Conjurer (Formicid Conjurer)        Turns: 1071, Time: 00:02:07

Health: -8/30      AC:  6    Str: 11    XL:     4   Next: 1%
Magic:  1/7        EV: 12    Int: 18    God:
Gold:   31         SH:  0    Dex: 14    Spells: 4/7 levels left

rFire   . . .      SeeInvis +   b - staff of poison
rCold   . . .      Faith    .   (no shield)
rNeg    . . .      Spirit   .   d - +0 robe
rPois   +          Reflect  .   (helmet unavailable)
rElec   .          Harm     .   (no cloak)
rCorr   .          Rampage  .   (no gloves)
Will    .....                   (no boots)
Stlth   ++........              (no amulet)
HPRegen 0.10/turn               h - +4 ring of protection
MPRegen 0.10/turn               (no ring)

@: no status effects
A: permanent stasis, dig shafts and tunnels, antennae 3, four strong arms
a: Dig, Shaft Self


You were on level 2 of the Dungeon.
You visited 1 branch of the dungeon, and saw 2 of its levels.

You collected 31 gold pieces.

Inventory:

Hand Weapons
 a - a +0 dagger of venom
Armour
 d - a +0 robe (worn)
Magical Staves
 b - a staff of poison (weapon)
Jewellery
 h - a +4 ring of protection (left hand)
Scrolls
 c - 3 scrolls of vulnerability {unknown}
 e - a scroll of teleportation {unknown}
 j - a scroll of magic mapping {unknown}
 k - a scroll of fog {unknown}
Potions
 f - a potion of curing {unknown}
 g - a potion of magic
 i - a potion of haste {unknown}


   Skills:
 - Level 1.7 Dodging
 - Level 2.4 Stealth
 - Level 2.1 Spellcasting
 * Level 4.8 Conjurations


You had 4 spell levels left.
You knew the following spells:

 Your Spells              Type           Power      Damage    Failure   Level
a - Searing Ray           Conj           38%        2d5       3%          2
c - Magic Dart            Conj           76%        1d6       2%          1

Your spell library contained the following spells:

 Spells                   Type           Power      Damage    Failure   Level
 Dazzling Flash           Conj/Hex       20%        N/A       21%         3
 Sublimation of Blood     Necr           1%         N/A       26%         2
 Fulminant Prism          Conj/Hex       5%         3d7       54%         4
 Iskenderun's Mystic Bla  Conj/Tloc      10%        2d4       54%         4
 Petrify                  Tmut/Erth      1%         N/A       87%         4
 Irradiate                Conj/Tmut      5%         3d13      88%         5


Dungeon Overview and Level Annotations

Branches:
Dungeon (2/15)

Altars:


Innate Abilities, Weirdness & Mutations

You cannot be hasted, slowed, berserked, paralysed or teleported.
You can dig through walls and to a lower floor.
You have a pair of large antennae on your head. (SInv)
Your four strong arms can wield two-handed weapons with a shield.


Message History

Aiming: Searing Ray (safe; 4% risk of failure)
Press: ? - help, Shift-Dir - straight line, f - orc wizard
Aim: an orc wizard, wielding a +0 dagger and wearing a +0 robe (72% to hit)
The searing ray hits the orc wizard!
The orc wizard is heavily wounded. (Press . to maintain the ray.)
The orc priest shouts!
The orc priest casts a cantrip, but nothing happens.
The searing ray hits the orc wizard.
The orc wizard is almost dead.
The searing ray hits the orc!
The orc is almost dead.
The orc wizard casts a spell.
The orc wizard flickers and vanishes for a moment.
The orc priest calls down the wrath of Beogh upon you.
Beogh smites you!
The searing ray hits the orc wizard.
You kill the orc wizard!
An orc comes into view. It is wielding a +0 hand axe.
You have reached level 4!
You feel clever.
The searing ray misses the orc.
The searing ray hits the orc priest.
The orc priest is moderately wounded.
You finish channelling your searing ray.
The orc priest invokes the aid of Beogh against you.
Beogh smites you!
You can't go up here!
The orc attacks as you move away! The orc closely misses you.
Found an escape hatch in the floor.
The orc attacks as you move away! The orc closely misses you.
The orc hits you but does no damage. The orc attacks as you move away!
The orc hits you but does no damage.
The orc priest calls down the wrath of Beogh upon you.
Beogh smites you!
Ouch! That really hurt!
You die...

## ..# ..###
.....#####
#......###########
+.................
#.................
#.................
#...ooo.o.@>......
........###+##########
........+ ..†....o#
......... .........
......... ######....


You could see 2 orc priests and 2 orcs.

Vanquished Creatures
  An orc wizard (D:2)
  3 bats
  2 endoplasms (D:1)
  3 hobgoblins (D:1)
  7 goblins (D:1)
  2 kobolds (D:1)
  4 rats (D:1)
22 creatures vanquished.

Notes
Turn   | Place    | Note
-------+----------+-------------------------------------------
     0 | D:1      | DildoBatman the Formicid Conjurer began the quest for the
                  | Orb.
     0 | D:1      | Reached XP level 1. HP: 13/13 MP: 3/3
   230 | D:1      | Reached skill level 4 in Conjurations
   230 | D:1      | Reached XP level 2. HP: 10/19 MP: 1/5
   372 | D:1      | Learned a level 2 spell: Searing Ray
   847 | D:1      | Reached XP level 3. HP: 20/24 MP: 2/6
  1064 | D:2      | Reached XP level 4. HP: 17/30 MP: 1/7
  1071 | D:2      | Killed from afar by an orc priest

Illustrated notes

Levels and vault maps discovered:
D:1:      onia_arrival_mini_spirals, layout_basic, minivault_25
D:2:      layout_basic, basic_altar, ebering_dispersal_statue_hall,
          minmay_hedge_maze, kennysheep_small_spiral

Skill      XL: |  1 |
---------------+----+-----
Conjurations   | 4 |  4.8
Dodging        | |  1.7
Stealth        | |  2.4
Spellcasting   | |  2.1

Action                   |  1- 3 |  4- 6 || total
-------------------------+-------+-------++-------
Melee: Dagger            |    16 |       ||    16
       Staff             |    10 |       ||    10
 Cast: Magic Dart        |    22 |       ||    22
       Searing Ray       |     2 |       ||     2
 Stab: Sleeping          |     1 |       ||     1
Armor: Robe              |    11 |     2 ||    13
Dodge: Dodged            |    16 |     2 ||    18
